 Dungeon Crawl Stone Soup version 0.31-a0-232-gb1c03b2570 (webtiles) character file.

Game seed: 12474119199118504035

34307 Leavold the Alchemist (level 13, -2/70 HPs)
             Began as a Felid Transmuter on July 6, 2023.
             Was the Champion of Hepliaklqana.
             Slain by a minotaur
             ... wielding the +7 demon whip "Arcanum" {freeze, rElec rC++ Str-2 Dex+4}
              (13 damage)
             ... in a Gauntlet on July 7, 2023.
             The game lasted 02:28:18 (21583 turns).

Leavold the Alchemist (Felid Transmuter)           Turns: 21583, Time: 02:28:20

Health: -2/70      AC: 27    Str: 10    XL:     13   Next: 41%
Magic:  15/18      EV: 30    Int: 22    God:    Hepliaklqana [******]
Gold:   1465       SH:  0    Dex: 20    Spells: 1/18 levels left
                                        Lives:  0   Deaths: 4

rFire   . .          .
                       - Unarmed
rCold   + . .        (shield unavailable)
rNeg    + . .        (body armour unavailable)
rPois   ∞            (helmet unavailable)
rElec   +            (cloak unavailable)
rCorr   .            (gloves unavailable)
SInv    +            (boots unavailable)
Will    +....        s - amulet of regeneration
Stlth   ++           G - ring "Voon" {EV+5 Str+2 Int+3}
HPRegen 1.11/turn    O - ring "Norigg" {rC+ Str+2 Dex+3}
MPRegen 0.16/turn

%: no teleportation
@: statue-form, wereblooded, very slow
A: slow and powerful, torment resistance 1, boosted hp, reduced essence, very
small, claws 1, fangs 3, see invisible, (speed 1), (shaggy fur 3), stealthy
paws, no weapons or thrown items, no armour, multi-lived
a: End Transformation, Renounce Religion, Recall Ancestor, Ancestor Identity,
Transference, Idealise


You were in a Gauntlet.
You worshipped Hepliaklqana.
Hepliaklqana was exalted by your worship.
You were a living statue of rough stone.
You visited 3 branches of the dungeon, and saw 20 of its levels.
You also visited: Sewer and Gauntlet.

You collected 1465 gold pieces.

Inventory:

Jewellery
 d - a ring of positive energy
 s - an amulet of regeneration (around neck)
 t - a +6 ring of dexterity
 v - a ring of protection from cold
 z - a ring of fire
 A - an amulet of magic regeneration
 C - the ring "Yfaff" {rC+ Will++ rCorr Str+6 Int-3}
   (You found it in a Gauntlet)

   [ring of strength]

   Str:       It affects your strength (+6).
   Int:       It affects your intelligence (-3).
   rC:        It protects you from cold.
   rCorr:     It protects you from acid and corrosion.
   Will:      It greatly increases your willpower.
 E - a ring of ice
 F - the ring "Noepseti" {MP+9 Stlth+}
   (You found it on level 2 of the Lair of Beasts)

   [ring of magical power]

   MP:        It affects your magic capacity (+9).
   Stlth:     It makes you more stealthy.
 G - the ring "Voon" (left paw) {EV+5 Str+2 Int+3}
   (You acquired it on level 10 of the Dungeon)

   [ring of evasion]

   EV:        It affects your evasion (+5).
   Str:       It affects your strength (+2).
   Int:       It affects your intelligence (+3).
 K - a +4 ring of protection
 L - the ring "Xonac" {rElec rCorr}
   (You found it in a Gauntlet)

   [ring of resist corrosion]

   rElec:     It insulates you from electricity.
   rCorr:     It protects you from acid and corrosion.
 O - the ring "Norigg" (right paw) {rC+ Str+2 Dex+3}
   (You found it in a Gauntlet)

   [ring of protection from cold]

   Str:       It affects your strength (+2).
   Dex:       It affects your dexterity (+3).
   rC:        It protects you from cold.
Wands
 b - a wand of iceblast (20)
 j - a wand of mindburst (17)
 k - a wand of polymorph (14)
 o - a wand of digging (4)
 p - a wand of flame (9)
Scrolls
 c - 7 scrolls of teleportation
 e - a scroll of amnesia
 l - 4 scrolls of vulnerability
 w - 2 scrolls of revelation
 y - a scroll of poison
 H - a scroll of enchant armour
 I - a scroll of enchant weapon
 J - 4 scrolls of silence
 M - a scroll of immolation
 N - 4 scrolls of fog
Potions
 a - 8 potions of lignification
 h - 6 potions of brilliance
 i - 8 potions of curing
 m - 3 potions of cancellation
 n - 5 potions of enlightenment
 q - 2 potions of resistance
 r - 3 potions of heal wounds
 u - 2 potions of ambrosia
 x - a potion of might {unknown}
 B - 3 potions of berserk rage
 D - 4 potions of magic
Miscellaneous
 P - a phantom mirror


   Skills:
 - Level 10.0 Fighting
 - Level 10.0 Dodging
 - Level 2.0 Stealth
 * Level 10.6 Unarmed Combat
 - Level 3.0 Spellcasting
 - Level 18.0 Transmutations
 - Level 7.5 Air Magic
 * Level 10.0 Earth Magic


You had one spell level left.
You knew the following spells:

 Your Spells              Type           Power      Damage    Failure   Level
a - Blade Hands           Tmut           35%        N/A       1%          5
b - Wereblood             Tmut           70%        N/A       0%          2
c - Ice Form              Ice/Tmut       42%        N/A       3%          4
d - Statue Form           Tmut/Erth      40%        N/A       6%          6

Your spell library contained the following spells:

 Spells                   Type           Power      Damage    Failure   Level
 Beastly Appendage        Tmut           100%       N/A       0%          1
 Spider Form              Tmut/Pois      42%        N/A       1%          3
 Petrify                  Tmut/Erth      60%        N/A       1%          4
 Ignite Poison            Fire/Tmut/Pois 29%        N/A       3%          3
 Poisonous Vapours        Pois/Air       38%        N/A       4%          2
 Lee's Rapid Deconstruct  Erth           23%        3d13*     5%          5
 Cigotuvi's Dreadful Rot  Necr/Pois/Air  28%        N/A       7%          2
 Irradiate                Conj/Tmut      21%        3d18      9%          5
 Mephitic Cloud           Conj/Pois/Air  14%        N/A       13%         3
 Sublimation of Blood     Necr           3%         N/A       19%         2
 Ozocubu's Armour         Ice            3%         N/A       36%         3
 Tukima's Dance           Hex            3%         N/A       36%         3
 Volatile Blastmotes      Fire/Tloc      6%         2d10      36%         3
 Storm Form               Tmut/Air       28%        N/A       50%         7
 Fulminant Prism          Conj/Hex       1%         3d5       77%         4
 Iskenderun's Mystic Bla  Conj/Tloc      3%         2d3       77%         4
 Olgreb's Toxic Radiance  Pois           3%         N/A       77%         4
 Freezing Cloud           Conj/Ice/Air   7%         6-21      77%         5
 Fireball                 Conj/Fire      1%         3d3       98%         5
 Iskenderun's Battlesphe  Conj           3%         2d6       98%         5
 Metabolic Englaciation   Hex/Ice        1%         N/A       98%         5
 Summon Mana Viper        Hex/Summ       3%         N/A       98%         5
 Conjure Ball Lightning   Conj/Air       9%         3x3d6     99%         6
 Plasma Beam              Fire/Air       9%         2x1d20    99%         6
 Simulacrum               Ice/Necr       1%         N/A       100%        6
 Orb of Destruction       Conj           1%         9d5       100%        7
 Discord                  Hex            1%         N/A       100%        8
 Ignition                 Fire           1%         3d3       100%        8
 Fire Storm               Conj/Fire      1%         8d1       100%        9
 Portal Projectile        Hex/Tloc       Unusable   N/A       N/A         3

Dungeon Overview and Level Annotations

Branches:
Dungeon (13/15)            Temple (0/1) D:4            Lair (5/5) D:9
 Shoals (0/4) Lair:3       Spider (0/4) Lair:3        Slime (0/5) Lair:4
    Orc (2/2) D:12          Sewer (visited)         Gauntlet (1/1)
    Elf: Orc:2       Vaults: D:13-14

Altars:
Cheibriados
Dithmenos
Elyvilon
Fedhas
Hepliaklqana
Makhleb
Ru
Uskayaw
Wu Jian
Xom
The Shining One

Annotations:
Gauntlet 4 transporters


Innate Abilities, Weirdness & Mutations

You are a living statue of rough stone.
Your actions are slow, but your melee attacks are powerful.
You are resistant to unholy torment.
Your maximum health is greatly increased.
You are immune to poison.
Your life essence is reduced to manifest your ancestor. (-10% HP)
You have sharp claws.
You have razor-sharp teeth.
You have supernaturally acute eyesight. (SInv)
((You cover ground quickly. (Speed+)))
((Your thick and shaggy fur keeps you warm. (AC +3, rC+)))
Your paws help you pounce on unaware monsters.
You are incapable of wielding weapons or throwing items.
You cannot wear armour.
You gain extra lives every three experience levels.


Message History

The minotaur closely misses Mildred.
Mildred hits the minotaur but does no damage.
The minotaur hits Mildred with the +7 demon whip "Arcanum" {freeze, rElec rC++ Str-2 Dex+4}!!!
The minotaur freezes Mildred.
Mildred is destroyed!
You catch the helpless minotaur completely off-guard!
You claw the minotaur! Your claw misses the minotaur.
The minotaur is lightly wounded.
The minotaur hits you with the +7 demon whip "Arcanum" {freeze, rElec rC++ Str-2 Dex+4}!!
The minotaur freezes you. The minotaur misses you.
You scratch the minotaur but do no damage.
The minotaur is lightly wounded.
The minotaur hits you with the +7 demon whip "Arcanum" {freeze, rElec rC++ Str-2 Dex+4}!
The minotaur freezes you.
The minotaur gores you but does no damage.
You remove the ring "Noepseti" {MP+9 Stlth+}.
You feel your magic capacity decrease. The minotaur misses you. x2
You feel stronger.
You feel agile.
O - the ring "Norigg" (right paw) {rC+ Str+2 Dex+3} You scratch the minotaur but do no damage.
You bite the minotaur, but do no damage.
The minotaur is lightly wounded.
You flicker for a moment.
The minotaur hits you with the +7 demon whip "Arcanum" {freeze, rElec rC++ Str-2 Dex+4}!!
* * * LOW HITPOINT WARNING * * *
The minotaur freezes you!
* * * LOW HITPOINT WARNING * * *
The minotaur barely misses you.
There is an open door here.
The minotaur hits you with the +7 demon whip "Arcanum" {freeze, rElec rC++ Str-2 Dex+4}.
* * * LOW HITPOINT WARNING * * *
The minotaur closely misses you.
There is a gate leading back out of this place here.
Items here: $$ ( )) == ? [[ || } ÷.
As you read the scroll of fear, it crumbles to dust.
You assume a fearsome visage.
The minotaur resists with almost no effort.
You flicker back into view.
The minotaur hits you with the +7 demon whip "Arcanum" {freeze, rElec rC++ Str-2 Dex+4}!
You die...

##+### #.⌠..#
#...⌠+ +⌠...#
#..8.# ##H###
#######'#######
#.............#
#.###.###.###.#
#.............#
###.###.###.###
###.###.###.###
#.............#


You could see a minotaur.

Vanquished Creatures
  Gastronok (D:9)
  A quicksilver ooze (Gauntlet)
  4 hydras
  Erolcha (D:9)
  A centaur warrior (D:13)
  2 death scarabs (Gauntlet)
  9 death yaks
  5 two-headed ogres
  A boulder beetle (D:12)
  A pharaoh ant (Lair:3)
  A skyshark (Lair:2)
  3 large abominations (Gauntlet)
  4 ugly things
  2 cyclopes
  9 elephants (Lair:5)
  Maurice (D:11)
  2 black mambas (Lair:4)
  Maggie (Lair:1)
  Psyche (D:12)
  11 cane toads
  4 komodo dragons
  A troll (D:13)
  A wind drake (D:9)
  7 hornets (Lair:5)
  4 polar bears
  A dream sheep (Lair:5)
  2 tarantellas (Lair:3)
  15 flying skulls (Gauntlet)
  13 blink frogs (Lair:4)
  12 spriggans (Lair:5)
  A vampire (D:11)
  2 wraiths (D:12)
  38 yaks
  A shadow (D:11)
  A basilisk (Lair:1)
  2 spectral komodo dragons (Gauntlet)
  2 wyverns
  A steam dragon (D:8)
  3 vampire mosquitoes
  Grum (D:11)
  2 acid dragons
  13 water moccasins
  7 orc warriors
  3 black bears
  4 boggarts (Lair:5)
  27 wolves
  7 centaurs
  3 kobold brigands
  10 bullfrogs
  A gnoll sergeant (D:8)
  4 scorpions
  8 killer bees
  6 small abominations (Gauntlet)
  2 electric eels (Lair:2)
  3 howler monkeys (D:13)
  3 hounds
  3 jellies
  8 orc priests
  A gnoll bouda (D:8)
  A sleepcap (D:4)
  2 iguanas
  Terence (D:2)
  2 orc wizards
  A sickly merfolk siren (Sewer)
  Natasha (D:3)
  7 gnolls
  5 adders
  3 river rats (Sewer)
  A worm (D:3)
  2 dart slugs (D:2)
  41 orcs
  11 ball pythons
  4 bats
  2 endoplasms
  6 giant cockroaches
  9 goblins
  5 hobgoblins
  3 jackals
  21 kobolds
  2 quokkas
  5 frilled lizards
  26 rats
449 creatures vanquished.

Vanquished Creatures (collateral kills)
  A hydra (Lair:3)
  A catoblepas (Lair:3)
  2 skysharks
  2 black mambas
  3 cane toads
  2 komodo dragons
  A hornet (D:9)
  4 blink frogs (Lair:4)
  Sigmund (D:3)
  A spriggan (Lair:5)
  2 slime creatures (Lair:4)
  A wyvern (D:9)
  A vampire (D:9)
  12 yaks
  2 steam dragons
  4 vampire mosquitoes
  A redback (Lair:3)
  A spectral cane toad (Gauntlet)
  5 water moccasins
  An orc warrior (D:6)
  2 black bears (Lair:5)
  5 wolves
  4 centaurs
  2 kobold brigands
  3 gnoll sergeants (D:8)
  4 bullfrogs
  A scorpion (D:6)
  3 killer bees
  A jelly (D:5)
  4 orc priests
  3 hounds
  A sleepcap (D:7)
  3 gnoll boudas
  4 orc wizards
  Ijyb (D:3)
  An iguana (D:4)
  Natasha (twice) (D:3)
  A malarious merfolk avatar (Sewer)
  Robin (D:3)
  7 gnolls
  2 adders (D:3)
  A white imp (D:7)
  An ufetubus (D:6)
  27 orcs
  3 endoplasms
  2 giant cockroaches
  7 goblins
  3 hobgoblins (D:3)
  A jackal (D:4)
  A quokka (D:4)
  2 ball pythons (D:4)
  2 frilled lizards (Sewer)
  15 kobolds
  7 rats
175 creatures vanquished.

Vanquished Creatures (others)
  An orc wizard (D:8)
  30 knights
  3 ancestors
34 creatures vanquished.

Grand Total: 658 creatures vanquished

Notes
Turn   | Place    | Note
-------+----------+-------------------------------------------
     0 | D:1      | Leavold the Felid Transmuter began the quest for the Orb.
     0 | D:1      | Reached XP level 1. HP: 9/9 MP: 4/4
   325 | D:1      | Reached skill level 1 in Stealth
   332 | D:1      | Reached XP level 2. HP: 5/12 MP: 4/6
   742 | D:1      | Found a faded altar of an unknown god.
   756 | D:1      | Prayed at the altar of an unknown god.
   756 | D:1      | Became a worshipper of Hepliaklqana the Forgotten
   756 | D:1      | Reached * piety under Hepliaklqana
   952 | D:2      | Learned a level 2 spell: Wereblood
  1104 | D:2      | Reached XP level 3. HP: 11/14 MP: 1/7
  1271 | D:2      | Identified the +3 robe of Soft New Discoveries {rF+ rC+}
  1320 | D:2      | Reached XP level 4. HP: 12/17 MP: 8/8
  1382 | D:2      | Noticed Terence
  1480 | D:2      | Killed Terence
  1565 | D:2      | Reached skill level 3 in Transmutations
  1883 | D:3      | Noticed Natasha
  1890 | D:3      | Killed Natasha
  1891 | D:3      | Reached XP level 5. HP: 21/21 MP: 5/9
  1900 | D:3      | Noticed Ijyb
  1986 | D:3      | Found a glowing drain.
  1998 | D:3      | Reached skill level 5 in Dodging
  2024 | Sewer    | Entered a sewer
  2270 | Sewer    | Gained mutation: You are covered in thick fur. (AC +2)
                  | [Felid growth]
  2270 | Sewer    | Reached XP level 6. HP: 8/25 MP: 8/10
  2527 | D:3      | Reached ** piety under Hepliaklqana
  2528 | D:3      | Remembered your ancestor Mildred as a knight
  2533 | D:3      | Noticed Sigmund
  2605 | D:3      | Killed Sigmund
  2606 | D:3      | Reached skill level 4 in Transmutations
  2791 | D:3      | Killed Ijyb
  3033 | D:3      | Reached XP level 7. HP: 29/29 MP: 11/11
  3071 | D:3      | Noticed Robin
  3085 | D:3      | Killed Robin
  3474 | D:3      | HP: 1/29 [poisoned by a kobold brigand]
  3475 | D:3      | Succumbed to a kobold brigand's poison
  3476 | D:3      | Reached XP level 6. HP: 0/27 MP: 10/10
  3488 | D:3      | Reached skill level 5 in Fighting
  3493 | D:3      | Learned a level 4 spell: Ice Form
  3728 | D:3      | Noticed Natasha
  3732 | D:3      | Killed Natasha
  3875 | D:3      | Noticed Natasha
  3896 | D:3      | Killed Natasha
  4783 | D:4      | Found a snail-covered altar of Cheibriados.
  4783 | D:4      | Found a sacrificial altar of Ru.
  4783 | D:4      | Found a burning altar of Makhleb.
  4815 | D:4      | Found a hazy altar of Hepliaklqana.
  4908 | D:4      | Reached XP level 7. HP: 29/29 MP: 8/11
  5215 | D:4      | Found a staircase to the Ecumenical Temple.
  5319 | D:5      | Entered Level 5 of the Dungeon
  5498 | D:5      | Reached *** piety under Hepliaklqana
  5561 | D:5      | Reached skill level 5 in Transmutations
  5886 | D:5      | Identified the +7 war axe of Qoaklyma {vamp, +Blink rElec
                  | rF+ Dex-4}
  5923 | D:5      | Reached XP level 8. HP: 34/34 MP: 3/12
  6272 | D:6      | Found a hide-covered altar of Uskayaw.
  6712 | D:6      | Found a glowing golden altar of the Shining One.
  6738 | D:6      | Found an ornate altar of the Wu Jian Council.
  7158 | D:7      | Reached skill level 6 in Transmutations
  7176 | D:7      | Reached skill level 10 in Dodging
  7264 | D:7      | Reached **** piety under Hepliaklqana
  7289 | D:7      | Reached XP level 9. HP: 38/39 MP: 11/13
  7544 | D:7      | Found a shadowy altar of Dithmenos.
  7802 | D:8      | Reached skill level 7 in Transmutations
  8405 | D:8      | Reached skill level 8 in Transmutations
  8465 | D:8      | Reached skill level 10 in Fighting
  8621 | D:9      | Reached XP level 10. HP: 39/45 MP: 12/14
  8637 | D:8      | Reached skill level 9 in Transmutations
  8893 | D:9      | Noticed Erolcha
  8906 | D:9      | Killed Erolcha
  8907 | D:9      | Reached skill level 10 in Transmutations
  9140 | D:9      | Found a white marble altar of Elyvilon.
  9150 | D:9      | Found a blossoming altar of Fedhas.
  9167 | D:9      | Reached ***** piety under Hepliaklqana
  9506 | D:9      | Found a staircase to the Lair.
  9518 | Lair:1   | Entered Level 1 of the Lair of Beasts
  9518 | Lair:1   | Noticed a cane toad
  9529 | D:9      | Reached skill level 11 in Transmutations
  9535 | D:9      | Slain by a yak
  9536 | D:9      | Reached XP level 9. HP: -2/49 MP: 10/13
  9752 | D:9      | a cane toad changed into a wind drake
  9752 | D:9      | Noticed a wind drake
  9757 | D:9      | Killed a wind drake
  9885 | Lair:1   | Reached skill level 5 in Unarmed Combat
  9937 | Lair:1   | Noticed a cane toad
  9993 | Lair:1   | Noticed a cane toad
 10044 | Lair:1   | Killed a cane toad
 10045 | Lair:1   | Reached XP level 10. HP: 45/45 MP: 9/14
 10106 | Lair:1   | Killed a cane toad
 10225 | Lair:1   | Noticed a cane toad
 10235 | Lair:1   | Killed a cane toad
 10399 | Lair:1   | Found a shimmering altar of Xom.
 10608 | Lair:1   | Noticed Maggie
 10636 | Lair:1   | Killed Maggie
 10794 | Lair:1   | Reached skill level 12 in Transmutations
 10958 | Lair:1   | Noticed a cane toad
 10981 | Lair:1   | Killed a cane toad
 11131 | Lair:1   | Reached XP level 11. HP: 28/48 MP: 12/15
 11531 | Lair:1   | Noticed Gastronok
 11865 | D:9      | Killed Gastronok
 11866 | D:9      | Reached skill level 13 in Transmutations
 12342 | Lair:2   | Reached skill level 14 in Transmutations
 12391 | Lair:2   | Noticed a skyshark
 12411 | Lair:2   | Killed a skyshark
 12858 | Lair:2   | Identified the ring "Noepseti" {MP+9 Stlth+}
 12869 | Lair:2   | Noticed a four-headed hydra
 13024 | Lair:2   | Killed a four-headed hydra
 13025 | Lair:2   | Reached skill level 15 in Transmutations
 13315 | Lair:3   | Noticed a death yak
 13315 | Lair:3   | Noticed a death yak
 13315 | Lair:3   | Noticed a death yak
 13315 | Lair:3   | Noticed a death yak
 13315 | Lair:3   | Noticed a death yak
 13315 | Lair:3   | Found a staircase to the Shoals.
 13316 | Lair:3   | Noticed a death yak
 13335 | Lair:3   | Noticed a seven-headed hydra
 13428 | Lair:2   | Killed a seven-headed hydra
 13572 | Lair:3   | Got the Quarto of the Zephyr
 13581 | Lair:3   | Learned a level 7 spell: Storm Form
 13596 | Lair:3   | Reached skill level 1 in Air Magic
 13596 | Lair:3   | Gained mutation: Your thick and shaggy fur keeps you warm.
                  | (AC +3, rC+) [Felid growth]
 13596 | Lair:3   | Reached XP level 12. HP: 32/52 MP: 16/16
 13695 | Lair:3   | Killed a death yak
 13748 | Lair:2   | Killed a death yak
 13843 | Lair:2   | Killed a death yak
 13844 | Lair:2   | Reached skill level 16 in Transmutations
 14117 | Lair:3   | Killed a death yak
 14224 | Lair:2   | Killed a death yak
 14286 | Lair:2   | Killed a death yak
 14370 | Lair:3   | Noticed a catoblepas
 14387 | Lair:3   | Killed from afar by a catoblepas
 14388 | Lair:3   | Reached XP level 11. HP: -1/57 MP: 21/24
 14393 | Lair:3   | Killed a catoblepas
 14394 | Lair:3   | Reached skill level 5 in Air Magic
 14476 | Lair:3   | Noticed a four-headed hydra
 14479 | Lair:3   | Found a hole to the Spider Nest.
 14479 | Lair:3   | Noticed a pharaoh ant
 14502 | Lair:3   | Killed a four-headed hydra
 14541 | Lair:3   | Killed a pharaoh ant
 14743 | Lair:3   | Noticed a five-headed hydra
 14753 | Lair:3   | Killed a five-headed hydra
 15079 | Lair:4   | Noticed a skyshark
 15102 | Lair:4   | Killed a skyshark
 15169 | Lair:4   | Reached XP level 12. HP: 24/52 MP: 16/16
 15415 | Lair:4   | Learned a level 6 spell: Statue Form
 15430 | Lair:4   | Found a staircase to the Slime Pits.
 15431 | Lair:4   | Noticed a four-headed hydra
 15452 | Lair:4   | Reached skill level 1 in Earth Magic
 15628 | Lair:4   | Killed a four-headed hydra
 15639 | Lair:4   | Noticed a death yak
 15645 | Lair:4   | Noticed a death yak
 15648 | Lair:4   | Noticed a death yak
 15728 | Lair:3   | Killed a death yak
 15729 | Lair:3   | Reached skill level 17 in Transmutations
 15731 | Lair:3   | Killed a death yak
 15786 | Lair:4   | Killed a death yak
 16260 | Lair:5   | Entered Level 5 of the Lair of Beasts
 16598 | Lair:5   | Reached skill level 5 in Earth Magic
 16720 | Lair:5   | Reached XP level 13. HP: 54/54 MP: 17/17
 17151 | Lair:5   | Got the Book of Singed Hexes
 17153 | Lair:5   | Identified the +0 chain mail of the New World {Fly Regen+
                  | Str+4 Dex-3}
 17278 | Lair:5   | Identified the +2 arbalest "Jaxa" {antimagic, Will+ Str+2
                  | Dex+2 Stlth+}
 17884 | Lair:5   | Identified the +4 hand axe of the Inviting Fox {freeze,
                  | Dex+3}
 18176 | D:10     | Entered Level 10 of the Dungeon
 18276 | D:10     | Reached skill level 18 in Transmutations
 18797 | D:10     | Reached ****** piety under Hepliaklqana
 18839 | D:10     | Identified a scroll of acquirement
 18844 | D:10     | Acquired the ring "Voon" {EV+5 Str+2 Int+3}
 18856 | D:10     | Upgraded the game from 0.31-a0-229-g1fc7ce93e2 to
                  | 0.31-a0-232-gb1c03b2570
 19098 | D:11     | Noticed Maurice
 19110 | D:11     | Killed Maurice
 19144 | D:11     | Learned a level 5 spell: Blade Hands
 19207 | D:11     | Noticed Grum
 19219 | D:11     | Killed Grum
 19713 | D:12     | Noticed Psyche
 20009 | D:12     | Killed Psyche
 20052 | D:12     | Reached XP level 14. HP: 59/59 MP: 19/19
 20079 | D:12     | Found a staircase to the Orcish Mines.
 20447 | Orc:1    | Entered Level 1 of the Orcish Mines
 20447 | Orc:1    | You fall into a shaft and drop 1 floor!
 20447 | Orc:2    | Entered Level 2 of the Orcish Mines
 20704 | Orc:2    | Found a gate leading to a gauntlet.
 20712 | Gauntlet | Entered a Gauntlet
 20712 | Gauntlet | Found a transporter.
 20731 | Gauntlet | Found a transporter.
 20734 | Gauntlet | Found a transporter.
 20737 | Gauntlet | Found a transporter.
 20737 | Gauntlet | Found a transporter.
 20738 | Gauntlet | Found a transporter.
 20746 | Gauntlet | Found a transporter.
 20747 | Gauntlet | Found a transporter.
 20763 | Gauntlet | Noticed a quicksilver ooze
 20766 | Gauntlet | Found a transporter.
 20783 | Gauntlet | Found a transporter.
 20787 | Gauntlet | Found a transporter.
 20795 | Gauntlet | Found a transporter.
 21094 | Gauntlet | Identified the ring "Yfaff" {rC+ Will++ rCorr Str+6 Int-3}
 21109 | Gauntlet | Reached skill level 10 in Unarmed Combat
 21148 | Gauntlet | Killed a quicksilver ooze
 21153 | Gauntlet | Identified the ring "Xonac" {rElec rCorr}
 21215 | Gauntlet | Identified the +7 demon whip "Arcanum" {freeze, rElec rC++
                  | Str-2 Dex+4}
 21219 | Gauntlet | Identified the +8 hand axe of Balance {flame, Dex+2}
 21219 | Gauntlet | Identified the +2 flail "Umuishun" {drain, rC+++ rN+ Str-3}
 21220 | Gauntlet | Slain by a minotaur
 21221 | Gauntlet | Reached XP level 13. HP: -2/70 MP: 24/27
 21452 | Gauntlet | Identified the ring "Norigg" {rC+ Str+2 Dex+3}
 21530 | Gauntlet | Reached skill level 10 in Earth Magic
 21583 | Gauntlet | Slain by a minotaur

Illustrated notes

Levels and vault maps discovered:
D:1:      lemuel_arrival_cross, layout_basic,
          dreamdust_ecumenical_altar_hidden_monk_grotto, minmay_hexomino_f4
D:2:      layout_rooms, minmay_joined_circles, uniq_terence
D:3:      cheibrodos_thug_alley, layout_loops_corners, gup_sewer_entry_glass,
          uniq_natasha, uniq_robin, uniq_sigmund, uniq_ijyb
D:4:      layout_rooms, chequers_temple_overflow_statue_of_worship,
          mainiacjoe_overflow_alcove_4, minmay_temple_entry_trees
D:5:      layout_gridville
D:6:      layout_gridville, nicolae_uskayaw_dance_hall,
          mainiacjoe_overflow_two_lobes
D:7:      layout_cave_pools, lemuel_tele_altar, kennysheep_flooded_box
D:8:      layout_basic, pf_guarded_unrand_woodcutter
D:9:      layout_basic, mainiacjoe_overflow_large_starburst,
          david_lair_shrubbed, uniq_erolcha
D:10:     layout_loops_ring
D:11:     layout_basic, hangedman_decor_growths, uniq_grum, uniq_maurice
D:12:     layout_roguey, hiddenorc1_lemuel, uniq_psyche
D:13:     layout_loops_cross, erik_vaults_1, minmay_more_statues
Lair:1:   layout_long_grid, serial_forest, infiniplex_forest_corner_1,
          infiniplex_forest_side_room, infiniplex_forest_lined_2,
          infiniplex_forest_clump_small, infiniplex_forest_clump_medium,
          infiniplex_forest_clump_tiny, nicolae_lair_lil_pond,
          lemuel_centaur_altar, grunt_megastairs_4, uniq_gastronok, uniq_maggie
Lair:2:   layout_gridlike, infiniplex_staircase_pool
Lair:3:   layout_roguey, shoals_dummy_entry,
          nicolae_spider_entry_lesser_pyramids, st_stairs_6
Lair:4:   layout_misc_corridors, minmay_slime_entry_pillars, minivault_25,
          infiniplex_staircase_pool_2, grunt_megastairs_1
Lair:5:   minmay_lair_end_enchanted_forest, layout_cave_pods,
          dreamdust_gnoll_shepherd
Orc:1:    layout_caves, gammafunk_ghost_cemetery
Orc:2:    st_orc_rangers, layout_caves, gauntlet_entry_generic, nooodl_orcs_dogs
Gauntlet: minmay_gauntlet_mixed_oops_all_seconds
          [minmay_gauntlet_arena_77_two_lines, nicolae_gauntlet_arena_t_cross,
          minmay_gauntlet_arena_77_block_sizes, nicolae_gauntlet_arena_grate_2,
          minmay_gauntlet_arena_77_tiled_triplets,
          gammafunk_gauntlet_arena_grid, gauntlet_exit_hidden_loot]

Skill      XL: |  1  2  3  4  5  6  7  8  9 10 11 12 13 14 |
---------------+-------------------------------------------+-----
Stealth        | 1 2 |  2.0
Dodging        | 3 4 5 6 8 10 | 10.0
Fighting       | 2 3 5 6 7 10 | 10.0
Transmutations | 3 4 5 6 8 12 15 17 18 | 18.0
Unarmed Combat | 5 7 8 9 10 | 10.6
Air Magic      | 6 7 |  7.5
Earth Magic    | 5 10 | 10.0
Spellcasting   | 3 |  3.0

Action                     |  1- 3 |  4- 6 |  7- 9 | 10-12 | 13-15 || total
---------------------------+-------+-------+-------+-------+-------++-------
  Melee: Unarmed           |    88 |   167 |   326 |   564 |   536 ||  1681
         Headbutt          |    15 |    26 |    77 |       |       ||   118
         Bite              |     5 |    23 |    40 |    29 |    74 ||   171
         Punch             |     1 |     4 |    13 |    11 |    36 ||    65
   Cast: Beastly Appendage |    17 |    28 |    49 |     3 |       ||    97
         Wereblood         |     3 |    13 |    33 |    67 |    24 ||   140
         Ice Form          |       |       |     6 |    63 |     1 ||    70
         Statue Form       |       |       |       |    11 |    41 ||    52
         Blade Hands       |       |       |       |       |     2 ||     2
 Invoke: Ancestor Identity |     1 |       |       |       |       ||     1
         Recall Ancestor   |       |     2 |     2 |     3 |     5 ||    12
         Ancestor Life: Kn |       |     1 |       |       |       ||     1
  Evoke: Wand              |       |       |     6 |       |       ||     6
    Use: Scroll            |       |     5 |     6 |    15 |     8 ||    34
         Potion            |       |     2 |     1 |     4 |     2 ||     9
   Stab: Sleeping          |     2 |     5 |     3 |     1 |       ||    11
         Distracted        |       |     1 |     6 |     4 |     2 ||    13
         Invisible         |       |       |       |       |     1 ||     1
 Armour: Skin              |     4 |     8 |    18 |   158 |   187 ||   375
  Dodge: Dodged            |    65 |   129 |   357 |   617 |   807 ||  1975

Table legend: (Time is in decaauts)
 A = Elapsed time spent in this place.
 B = Non-inter-level travel time spent in this place.
 C = Inter-level travel time spent in this place.
 D = Time resting spent in this place.
 E = Time spent auto-exploring this place.
 F = Levels seen in this place.
 G = Mean time per level.
                   A        B        C        D        E       F      G
               +--------+--------+--------+--------+--------+-----+--------+
         Total |  20231 |  19103 |   1128 |   2634 |   7683 |  22 |  919.6 |
       Dungeon |  10965 |  10084 |    881 |   1162 |   4722 |  13 |  843.5 |
          Lair |   7623 |   7391 |    232 |   1156 |   2591 |   5 | 1524.6 |
  Orcish Mines |    257 |    243 |     14 |      0 |    175 |   2 |  128.5 |
         Sewer |    490 |    490 |      0 |     91 |     71 |   1 |  490.0 |
      Gauntlet |    894 |    894 |      0 |    225 |    123 |   1 |  894.0 |
               +--------+--------+--------+--------+--------+-----+--------+

Top non-repeatable levels by time:
     D:3: 2061 daAuts
  Lair:1: 2010 daAuts
  Lair:5: 1766 daAuts
     D:9: 1567 daAuts
  Lair:2: 1456 daAuts
  Lair:4: 1258 daAuts
  Lair:3: 1131 daAuts
    D:11: 899 daAuts
Gauntlet: 894 daAuts
    D:12: 829 daAuts
     D:1: 795 daAuts
     D:2: 784 daAuts
     D:8: 752 daAuts
     D:6: 733 daAuts
     D:7: 638 daAuts
